| TOP OF THE 1ST |
|
Lynn Sailors batting - Pitching for Pawtucket Paw Sox : LHP John Hobbs
|
|
Pitching: LHP John Hobbs
|
|
|
Batting: RHB Ron Wotus
|
0-0: Ball 1-0: Ball 2-0: Called Strike 2-1: Ball 3-1: Fly out, F9 (Line Drive, 9, EV 84.4 MPH)
|
|
Batting: SHB Bip Roberts
|
0-0: Ball 1-0: Foul Ball, location: 2F 1-1: Foul Ball, location: 2F 1-2: Foul Ball, location: 2F 1-2: SINGLE (Groundball, 4, EV 95.6 MPH)
|
|
Batting: RHB Mike Reddish
|
0-0: Called Strike 0-1: Ball 1-1: Swinging Strike 1-2: Fly out, F8 (Flyball, 8RS, EV 73.1 MPH)
|
|
Batting: RHB Ken Gerhart
|
0-0: Called Strike 0-1: Fly out, F7 (Line Drive, 7D, EV 85.6 MPH)
|
| Top of the 1st over - 0 runs, 1 hit, 0 errors, 1 left on base; Lynn 0 - Pawtucket 0 |
| BOTTOM OF THE 1ST |
|
Pawtucket Paw Sox batting - Pitching for Lynn Sailors : LHP Rick Adair
|
|
Pitching: LHP Rick Adair
|
|
|
Batting: LHB Jeff Stone
|
0-0: Ball 1-0: Ball 2-0: Ball 3-0: Called Strike 3-1: Foul Ball, location: 2F 3-2: Base on Balls
|
|
Batting: LHB Steven Garcia
|
0-0: Ball 1-0: Grounds into double play, 4-6-3 (Groundball, 34, EV 93.1 MPH)
|
|
Batting: SHB Phil Ouellette
|
0-0: Called Strike 0-1: Ground out 6-3 (Groundball, 6M, EV 85.6 MPH)
|
| Bottom of the 1st over - 0 runs, 0 hits, 0 errors, 0 left on base; Lynn 0 - Pawtucket 0 |
| TOP OF THE 2ND |
|
Lynn Sailors batting - Pitching for Pawtucket Paw Sox : LHP John Hobbs
|
|
Batting: RHB Ted Trevino
|
0-0: Ball 1-0: Ball 2-0: Ball 3-0: Base on Balls
|
|
Batting: RHB Jorge Hinojosa
|
0-0: Called Strike 0-1: Ball 1-1: Ball 2-1: Ball 3-1: Foul Ball, location: 2F 3-2: Strikes out looking Ted Trevino steals 2nd base Batter strikes out.
|
|
Batting: RHB Vinny Jaramillo
|
0-0: Ball 1-0: Called Strike 1-1: Foul Ball, location: 2F 1-2: Strikes out swinging
|
|
Batting: SHB Danny Gans
|
0-0: Called Strike 0-1: Ball 1-1: Swinging Strike 1-2: Strikes out swinging
|
| Top of the 2nd over - 0 runs, 0 hits, 0 errors, 1 left on base; Lynn 0 - Pawtucket 0 |
| BOTTOM OF THE 2ND |
|
Pawtucket Paw Sox batting - Pitching for Lynn Sailors : LHP Rick Adair
|
|
Batting: SHB Orestes Destrade
|
0-0: Ball 1-0: Foul Ball, location: 2F 1-1: Foul Ball, location: 2F 1-2: Strikes out looking
|
|
Batting: RHB Robert Duran
|
0-0: Ball 1-0: Ball 2-0: Ball 3-0: Base on Balls
|
|
Batting: LHB David Wiggins
|
0-0: Ball 1-0: Called Strike 1-1: Ball 2-1: Ball 3-1: Base on Balls Robert Duran to second
|
|
Batting: RHB Shooty Babitt
|
0-0: SINGLE (Line Drive, 9LS, EV 94.4 MPH) Robert Duran to third David Wiggins to second
|
|
Batting: RHB Lenny Faedo
|
0-0: Ball 1-0: Called Strike 1-1: Called Strike 1-2: Foul Ball, location: 2F 1-2: Foul Ball, location: 2F 1-2: Ball 2-2: Ball 3-2: Foul Ball, location: 2F 3-2: Reached on error, E6 (Groundball, 6, EV 110.0 MPH) Robert Duran scores David Wiggins to third Shooty Babitt to second
|
|
Batting: RHB Ted Cox
|
0-0: Foul Ball, location: 2F 0-1: Swinging Strike 0-2: Ball 1-2: Foul Ball, location: 2F 1-2: Grounds into double play, 3-6-1 (Groundball, 34, EV 78.8 MPH)
|
| Bottom of the 2nd over - 1 run, 1 hit, 1 error, 2 left on base; Lynn 0 - Pawtucket 1 |
| TOP OF THE 3RD |
|
Lynn Sailors batting - Pitching for Pawtucket Paw Sox : LHP John Hobbs
|
|
Batting: RHB Ezequiel Carrasco
|
0-0: Ball 1-0: SINGLE (Line Drive, 9S, EV 106.9 MPH)
|
|
Batting: RHB Ron Wotus
|
0-0: Ball 1-0: Ball 2-0: Ball 3-0: Base on Balls Ezequiel Carrasco to second
|
|
Batting: SHB Bip Roberts
|
0-0: Ball 1-0: Called Strike 1-1: Fly out, F8 (Flyball, 8RD, EV 108.1 MPH)
|
|
Batting: RHB Mike Reddish
|
0-0: Called Strike 0-1: Ball 1-1: Foul Ball, location: 2F 1-2: Ball 2-2: Grounds into double play, 6-4-3 (Groundball, 6M, EV 82.5 MPH)
|
| Top of the 3rd over - 0 runs, 1 hit, 0 errors, 1 left on base; Lynn 0 - Pawtucket 1 |
| BOTTOM OF THE 3RD |
|
Pawtucket Paw Sox batting - Pitching for Lynn Sailors : LHP Rick Adair
|
|
Batting: LHB Jeff Stone
|
0-0: Ball 1-0: Swinging Strike 1-1: Reached via error on a dropped throw from 2B, E3 (Groundball, 4, EV 105.6 MPH)
|
|
Batting: LHB Steven Garcia
|
0-0: Ball 1-0: Called Strike 1-1: Called Strike 1-2: Strikes out swinging
|
|
Batting: SHB Phil Ouellette
|
0-0: Ball Jeff Stone steals 2nd base 1-0: Ball 2-0: Called Strike 2-1: Ball 3-1: Swinging Strike 3-2: Foul Ball, location: 2F 3-2: Base on Balls
|
|
Batting: SHB Orestes Destrade
|
0-0: Called Strike 0-1: Ball 1-1: SINGLE (Groundball, 6D, EV 99.4 MPH) Jeff Stone to third Phil Ouellette to second Runner from 3rd tries for Home, SAFE, throw by LF to home
|
|
Batting: RHB Robert Duran
|
0-0: Ball 1-0: Called Strike 1-1: Ball 2-1: Called Strike 2-2: Ball 3-2: Base on Balls Phil Ouellette to third Orestes Destrade to second
|
|
Batting: LHB David Wiggins
|
0-0: Called Strike 0-1: Fly out, F9 (Flyball, 9S, EV 86.9 MPH)
|
|
Batting: RHB Shooty Babitt
|
0-0: Ball 1-0: Called Strike 1-1: Swinging Strike 1-2: Ball 2-2: Ball 3-2: SINGLE (Groundball, 34D, EV 108.1 MPH) Phil Ouellette scores Orestes Destrade to third Robert Duran to second Orestes Destrade scores Robert Duran to third
|
|
Batting: RHB Lenny Faedo
|
0-0: Foul Ball, location: 2F 0-1: Foul Ball, location: 2F 0-2: Fly out, F8 (Flyball, 8RM, EV 96.3 MPH)
|
| Bottom of the 3rd over - 3 runs, 2 hits, 1 error, 2 left on base; Lynn 0 - Pawtucket 4 |
| TOP OF THE 4TH |
|
Lynn Sailors batting - Pitching for Pawtucket Paw Sox : LHP John Hobbs
|
|
Batting: RHB Ken Gerhart
|
0-0: Swinging Strike 0-1: Fly out, F6 (Flyball, 56D, EV 83.1 MPH)
|
|
Batting: RHB Ted Trevino
|
0-0: Ball 1-0: Ball 2-0: Foul Ball, location: 2F 2-1: Ball 3-1: Base on Balls
|
|
Batting: RHB Jorge Hinojosa
|
0-0: Called Strike 0-1: Ball 1-1: Foul Ball, location: 2F 1-2: Ball 2-2: Fielders Choice at 2nd, 5-4 (Groundball, 5, EV 84.4 MPH)
|
|
Batting: RHB Vinny Jaramillo
|
0-0: Ball Pickoff Throw to First - Out! 1-3
|
| Top of the 4th over - 0 runs, 0 hits, 0 errors, 0 left on base; Lynn 0 - Pawtucket 4 |
| BOTTOM OF THE 4TH |
|
Pawtucket Paw Sox batting - Pitching for Lynn Sailors : LHP Rick Adair
|
|
Batting: RHB Ted Cox
|
0-0: Ball 1-0: Called Strike 1-1: Ball 2-1: Fly out, F9 (Line Drive, 9, EV 96.3 MPH)
|
|
Batting: LHB Jeff Stone
|
0-0: Ground out 1-3 (Groundball, 13S, EV 68.8 MPH)
|
|
Batting: LHB Steven Garcia
|
0-0: Foul Ball, location: 2F 0-1: Swinging Strike 0-2: Foul Ball, location: 2F 0-2: Ball 1-2: Ball 2-2: Foul Ball, location: 2F 2-2: Strikes out swinging
|
| Bottom of the 4th over - 0 runs, 0 hits, 0 errors, 0 left on base; Lynn 0 - Pawtucket 4 |
| TOP OF THE 5TH |
|
Lynn Sailors batting - Pitching for Pawtucket Paw Sox : LHP John Hobbs
|
|
Batting: RHB Vinny Jaramillo
|
0-0: Swinging Strike 0-1: Foul Ball, location: 2F 0-2: Foul Ball, location: 2F 0-2: Ball 1-2: Strikes out looking
|
|
Batting: SHB Danny Gans
|
0-0: Ground out 4-3 (Groundball, 4S, EV 76.3 MPH)
|
|
Batting: RHB Ezequiel Carrasco
|
0-0: Fly out, F8 (Flyball, 8LM, EV 88.1 MPH)
|
| Top of the 5th over - 0 runs, 0 hits, 0 errors, 0 left on base; Lynn 0 - Pawtucket 4 |
| BOTTOM OF THE 5TH |
|
Pawtucket Paw Sox batting - Pitching for Lynn Sailors : LHP Rick Adair
|
|
Batting: SHB Phil Ouellette
|
0-0: Swinging Strike 0-1: Swinging Strike 0-2: Ball 1-2: Ground out 1-3 (Groundball, 15S, EV 63.8 MPH)
|
|
Batting: SHB Orestes Destrade
|
0-0: Foul Ball, location: 2F 0-1: Ball 1-1: Ground out 5-3 (Groundball, 5, EV 93.8 MPH)
|
|
Batting: RHB Robert Duran
|
0-0: Called Strike 0-1: Foul Ball, location: 2F 0-2: Ball 1-2: Ground out 6-3 (Groundball, 6, EV 89.4 MPH)
|
| Bottom of the 5th over - 0 runs, 0 hits, 0 errors, 0 left on base; Lynn 0 - Pawtucket 4 |
| TOP OF THE 6TH |
|
Lynn Sailors batting - Pitching for Pawtucket Paw Sox : LHP John Hobbs
|
|
Batting: RHB Ron Wotus
|
0-0: Called Strike 0-1: Ball 1-1: Ground out 6-3 (Groundball, 6, EV 89.4 MPH)
|
|
Batting: SHB Bip Roberts
|
0-0: Ball 1-0: Fly out, F7 (Flyball, 7, EV 78.8 MPH)
|
|
Batting: RHB Mike Reddish
|
0-0: Ball 1-0: Fly out, F3 (Line Drive, 3L, EV 77.5 MPH)
|
| Top of the 6th over - 0 runs, 0 hits, 0 errors, 0 left on base; Lynn 0 - Pawtucket 4 |
| BOTTOM OF THE 6TH |
|
Pawtucket Paw Sox batting - Pitching for Lynn Sailors : LHP Rick Adair
|
|
Batting: LHB David Wiggins
|
0-0: Called Strike 0-1: Swinging Strike 0-2: Ball 1-2: Ball 2-2: Foul Ball, location: 2F 2-2: Strikes out swinging
|
|
Batting: RHB Shooty Babitt
|
0-0: Foul Ball, location: 2F 0-1: Ball 1-1: Ball 2-1: Foul Ball, location: 2F 2-2: Ball 3-2: Base on Balls
|
|
Batting: RHB Lenny Faedo
|
0-0: Called Strike Shooty Babitt is caught stealing 2nd base 2-4 0-1: Called Strike 0-2: Ball 1-2: Ground out 4-3 (Groundball, 4, EV 91.3 MPH)
|
| Bottom of the 6th over - 0 runs, 0 hits, 0 errors, 0 left on base; Lynn 0 - Pawtucket 4 |
| TOP OF THE 7TH |
|
Lynn Sailors batting - Pitching for Pawtucket Paw Sox : LHP John Hobbs
|
|
Batting: RHB Ken Gerhart
|
0-0: Ball 1-0: Foul Ball, location: 2F 1-1: SINGLE (Line Drive, 89S, EV 105.0 MPH)
|
|
Batting: RHB Ted Trevino
|
0-0: Called Strike Ken Gerhart is caught stealing 2nd base 2-4 0-1: Fly out, F7 (Flyball, 78D, EV 83.8 MPH)
|
|
Batting: RHB Jorge Hinojosa
|
0-0: Called Strike 0-1: Ball 1-1: Ball 2-1: Ball 3-1: Called Strike 3-2: Strikes out looking
|
| Top of the 7th over - 0 runs, 1 hit, 0 errors, 0 left on base; Lynn 0 - Pawtucket 4 |
| BOTTOM OF THE 7TH |
|
Pawtucket Paw Sox batting - Pitching for Lynn Sailors : LHP Rick Adair
|
|
Pitching: RHP Dennis Sandoval
|
|
|
Batting: RHB Ted Cox
|
0-0: Ball 1-0: Foul Ball, location: 2F 1-1: Fly out, F8 (Flyball, 89D, EV 103.1 MPH)
|
|
Batting: LHB Jeff Stone
|
0-0: Ball 1-0: Called Strike 1-1: Foul Ball, location: 2F 1-2: Ball 2-2: Foul Ball, location: 2F 2-2: Foul Ball, location: 2F 2-2: Ball 3-2: Strikes out swinging
|
|
Batting: LHB Steven Garcia
|
0-0: Called Strike 0-1: Called Strike 0-2: Ball 1-2: Ground out 6-3 (Groundball, 6, EV 104.4 MPH)
|
| Bottom of the 7th over - 0 runs, 0 hits, 0 errors, 0 left on base; Lynn 0 - Pawtucket 4 |
| TOP OF THE 8TH |
|
Lynn Sailors batting - Pitching for Pawtucket Paw Sox : LHP John Hobbs
|
|
Batting: RHB Vinny Jaramillo
|
0-0: Called Strike 0-1: Ball 1-1: Ball 2-1: Ball 3-1: Reached on error, E8 (Line Drive, 8LD, EV 88.1 MPH)
|
|
Batting: SHB Danny Gans
|
0-0: Called Strike 0-1: Foul Ball, location: 2F 0-2: Ball 1-2: Fly out, F9 (Flyball, 9LD, EV 90.0 MPH) Runner from 2nd tags up, SAFE at 3rd, no throw by RF
|
|
Batting: RHB Ezequiel Carrasco
|
0-0: SINGLE (Popup, 5D, EV 48.8 MPH) Vinny Jaramillo scores
|
|
Batting: RHB Ron Wotus
|
0-0: Called Strike 0-1: Foul Ball, location: 2F 0-2: Ball 1-2: Foul Ball, location: 2F 1-2: Ball 2-2: Fly out, F8 (Flyball, 8RM, EV 89.4 MPH)
|
|
Batting: SHB Bip Roberts
|
0-0: Ball 1-0: Ball 2-0: Ball 3-0: Called Strike 3-1: Base on Balls Ezequiel Carrasco to second
|
|
Batting: RHB Mike Reddish
|
0-0: Ball 1-0: Ball 2-0: Ball 3-0: Called Strike 3-1: Foul Ball, location: 2F 3-2: SINGLE (Line Drive, 78S, EV 111.9 MPH) Ezequiel Carrasco to third Bip Roberts to second Ezequiel Carrasco scores Bip Roberts to third
|
|
Batting: RHB Ken Gerhart
|
0-0: Fly out, F7 (Flyball, 7LS, EV 85.6 MPH)
|
| Top of the 8th over - 2 runs, 2 hits, 1 error, 2 left on base; Lynn 2 - Pawtucket 4 |
| BOTTOM OF THE 8TH |
|
Pawtucket Paw Sox batting - Pitching for Lynn Sailors : RHP Dennis Sandoval
|
|
Batting: SHB Phil Ouellette
|
0-0: Ball 1-0: Fly out, F8 (Flyball, 8RD, EV 90.6 MPH)
|
|
Batting: SHB Orestes Destrade
|
0-0: Swinging Strike 0-1: Ball 1-1: Ball 2-1: Ball 3-1: Foul Ball, location: 2F 3-2: Base on Balls
|
|
Batting: RHB Robert Duran
|
0-0: Ball 1-0: Foul Ball, location: 2F 1-1: Called Strike 1-2: Ball 2-2: Foul Ball, location: 2F 2-2: Ball 3-2: Reached on error, E5 (Groundball, 56, EV 83.8 MPH) Orestes Destrade to second
|
|
Batting: LHB David Wiggins
|
0-0: Called Strike 0-1: Foul Ball, location: 2F 0-2: Foul Ball, location: 2F 0-2: Ball 1-2: Foul Ball, location: 2F 1-2: Foul Ball, location: 2F 1-2: Ball 2-2: Ball 3-2: Base on Balls Orestes Destrade to third Robert Duran to second
|
|
Pitching: RHP Joe Whitmer
|
|
|
Batting: RHB Shooty Babitt
|
0-0: Called Strike 0-1: Foul Ball, location: 2F 0-2: Ball 1-2: Fly out, F9 (Flyball, 9LD, EV 83.8 MPH) Runner from 3rd tags up, SCORES, no throw by RF
|
|
Batting: RHB Lenny Faedo
|
0-0: Called Strike 0-1: Fielders Choice at 2nd, 5-4 (Groundball, 56, EV 80.0 MPH)
|
| Bottom of the 8th over - 1 run, 0 hits, 1 error, 2 left on base; Lynn 2 - Pawtucket 5 |
| TOP OF THE 9TH |
|
Lynn Sailors batting - Pitching for Pawtucket Paw Sox : LHP John Hobbs
|
|
Batting: RHB Ted Trevino
|
0-0: Foul Ball, location: 2F 0-1: Ball 1-1: Foul Ball, location: 2F 1-2: SINGLE (Line Drive, 7LM, EV 109.4 MPH)
|
|
Batting: RHB Jorge Hinojosa
|
0-0: Ball 1-0: Ball 2-0: Foul Ball, location: 2F 2-1: Fly out, F8 (Flyball, 8RD, EV 102.5 MPH)
|
|
Batting: RHB Vinny Jaramillo
|
0-0: Ball 1-0: Grounds into double play, 4-6-3 (Groundball, 4, EV 108.1 MPH)
|
| Top of the 9th over - 0 runs, 1 hit, 0 errors, 0 left on base; Lynn 2 - Pawtucket 5 |
|